 Dungeon Crawl Stone Soup version 0.28-a0-1348-g050f3537b9 (webtiles) character file.

Game seed: 67046974408052247

191 Glokmah the Charlatan (level 5, 14/35 HPs)
             Began as a Demonspawn Artificer on Dec 30, 2021.
             Quit the game on level 3 of the Dungeon.
             The game lasted 00:05:35 (3750 turns).

Glokmah the Charlatan (Demonspawn Artificer)        Turns: 3750, Time: 00:05:35

Health: 14/35      AC:  4    Str: 17    XL:     5   Next: 41%
Magic:  5/5        EV: 11    Int: 12    God:
Gold:   116        SH:  4    Dex: 13    Spells: 4/4 levels left

rFire   . . .      SeeInvis .   l - staff of conjuration
rCold   . . .      Faith    .   (no shield)
rNeg    . . .      Spirit   .   b - +0 leather armour
rPois   .          Reflect  .   (helmet restricted)
rElec   .          Harm     .   (no cloak)
rCorr   .          Rampage  .   (no gloves)
Will    +....                   h - +0 pair of boots
Stlth   +.........              (no amulet)
HPRegen 0.11/turn               (no ring)
MPRegen 0.09/turn               (no ring)

@: no status effects
A: large bone plates 1, demonic magic 1, weakness stinger 1, horns 1, frail 1,
strong-willed 1, strong 1
a: no special abilities


You were on level 3 of the Dungeon.
You visited 1 branch of the dungeon, and saw 3 of its levels.

You collected 116 gold pieces.

Inventory:

Hand Weapons
 a - a +0 club
 o - a +0 short sword
Missiles
 j - 11 poisoned darts (quivered)
Armour
 b - a +0 leather armour (worn)
 h - a +0 pair of boots (worn)
 k - a +0 helmet
Magical Staves
 l - a staff of conjuration (weapon)
Wands
 c - a wand of flame (14)
 d - a wand of charming (15)
Scrolls
 m - a scroll of amnesia {unknown}
 n - 2 scrolls of teleportation {unknown}
Potions
 g - a potion of lignification {unknown}
 p - 2 potions of mutation
Miscellaneous
 e - a piece from Xom's chessboard (15/15)


   Skills:
 + Level 2.3 Fighting
 - Level 0.1(1.3) Maces & Flails
 * Level 2.2 Staves
 - Level 1.9 Armour
 - Level 0.8 Dodging
 - Level 0.8 Stealth
 + Level 1.7 Conjurations
 + Level 4.3 Evocations


You had 4 spell levels left.
You didn't know any spells.
Your spell library was empty.

Dungeon Overview and Level Annotations

Branches:
Dungeon (3/15)

Altars:


Innate Abilities, Weirdness & Mutations

You are partially covered in large bone plates. (SH +4)
Spells you cast may paralyse adjacent enemies.
You have a small tail.
You have a pair of small horns on your head.
You are frail. (-10% HP)
You are strong-willed. (Will+)
Your muscles are strong. (Str +2)


Message History

The adder bites you.
* * * LOW HITPOINT WARNING * * *
The goblin hits you with a +0 club.
* * * LOW HITPOINT WARNING * * *
You barely miss the adder.
Your tail-slap misses the adder.
The adder is heavily wounded.
The adder closely misses you. The goblin hits you with a +0 club.
* * * LOW HITPOINT WARNING * * *
You miss the adder.
Your tail-slap misses the adder.
The adder is heavily wounded.
You block the adder's attack.
You hit the adder.
The adder is almost dead.
The adder bites you.
* * * LOW HITPOINT WARNING * * *
The goblin hits you but does no damage.
You hit the adder but do no damage.
You blast the adder.
You kill the adder!
You block the goblin's attack.
Things that are here:
a +0 short sword; a brown potion You hit the goblin but do no damage.
You blast the goblin.
The goblin is severely wounded.
The goblin completely misses you.
You hit the goblin.
You blast the goblin.
You kill the goblin!
Things that are here:
a +0 club; a goblin corpse You start resting.
Your extra speed is starting to run out.
You start resting.
You feel yourself slow down.
You start resting.
A hobgoblin comes into view.
A hobgoblin is nearby!
The hobgoblin shouts!
You are too injured to fight recklessly!
You are too injured to fight recklessly!
Unknown command.
Are you sure you want to abandon this character and quit the game? (Confirm with "yes".)

...........
##..........
##.##.......g...
... ...........
.. ..........
#.# #........#
#.. #.........
#.##.@.......
#..#.....[.).
#.).#......#
##))##.#####
#.<.#.# #.#...#
### #.##..# #.#
#.###.# #.#
#.##..##


You could see a hobgoblin.

Vanquished Creatures
  An ogre (D:2)
  An orc priest (D:2)
  2 adders
  A dart slug (D:2)
  2 orcs (D:3)
  9 endoplasms
  3 giant cockroaches
  3 goblins
  4 hobgoblins
  5 jackals (D:1)
  3 quokkas
  5 ball pythons
  6 bats
  2 frilled lizards (D:2)
  3 kobolds
  5 rats
55 creatures vanquished.

Vanquished Creatures (others)
  A bush (D:2)
  A fungus (D:2)
  A plant (D:2)
3 creatures vanquished.

Grand Total: 58 creatures vanquished

Notes
Turn   | Place    | Note
-------+----------+-------------------------------------------
     0 | D:1      | Glokmah the Demonspawn Artificer began the quest for the
                  | Orb.
     0 | D:1      | Reached XP level 1. HP: 15/15 MP: 1/1
   465 | D:1      | Gained mutation: You are partially covered in large bone
                  | plates. (SH +4) [demonic ancestry]
   465 | D:1      | Reached XP level 2. HP: 13/21 MP: 2/2
  1826 | D:2      | Gained mutation: You have a small tail. [demonic ancestry]
  1826 | D:2      | Reached XP level 3. HP: 26/26 MP: 3/3
  1886 | D:2      | Reached skill level 4 in Evocations
  2545 | D:2      | Noticed an ogre
  2550 | D:2      | HP: 1/27 [ogre (26)]
  2972 | D:2      | Found a faded altar of an unknown god.
  3119 | D:2      | Killed an ogre
  3120 | D:2      | Reached skill level 1 in Staves
  3120 | D:2      | Reached skill level 1 in Conjurations
  3120 | D:2      | Gained mutation: Spells you cast may paralyse adjacent
                  | enemies. [demonic ancestry]
  3120 | D:2      | Reached XP level 4. HP: 33/33 MP: 4/4
  3120 | D:2      | Reached XP level 5. HP: 38/38 MP: 5/5
  3618 | D:3      | Gained mutation: You are frail. (-10% HP) [potion of
                  | mutation]
  3618 | D:3      | Gained mutation: You have a pair of small horns on your
                  | head. [potion of mutation]
  3618 | D:3      | Gained mutation: You are strong-willed. (Will+) [potion of
                  | mutation]
  3618 | D:3      | Gained mutation: Your muscles are strong. (Str +2) [potion
                  | of mutation]
  3750 | D:3      | Quit the game

Illustrated notes

Levels and vault maps discovered:
D:1:      saegor_arrival_miasma, layout_loops_ring, grunt_decor_fettered,
          minivault_26, serial_bayou_ford_a
D:2:      layout_basic, dreamdust_ecumenical_altar_hidden_monk_grotto,
          hex_medium, minmay_hedge_maze
D:3:      layout_rooms, minmay_strange_pillars, grunt_ministairs_11

Skill      XL: |  1  2  3  4  5 |
---------------+----------------+-----
Evocations     | 4 |  4.3
Fighting       | 2 |  2.3
Staves         | 1 2 |  2.2
Conjurations   | 1 |  1.7
Maces & Flails | |  0.1
Armour         | |  1.9
Dodging        | |  0.8
Stealth        | |  0.8

Action                   |  1- 3 |  4- 6 || total
-------------------------+-------+-------++-------
Melee: Club              |   103 |       ||   103
       Staff             |   230 |    44 ||   274
       Short sword       |     4 |       ||     4
       Tailslap          |    45 |     4 ||    49
Throw: Dart              |     6 |       ||     6
Evoke: Wand              |     1 |       ||     1
       Piece from Xom's  |     2 |       ||     2
  Use: Potion            |       |     3 ||     3
 Stab: Sleeping          |     2 |       ||     2
Armor: Leather armour    |    94 |    14 ||   108
Dodge: Dodged            |   159 |    41 ||   200
Block: Other             |    31 |    12 ||    43

Table legend: (Time is in decaauts)
 A = Elapsed time spent in this place.
 B = Non-inter-level travel time spent in this place.
 C = Inter-level travel time spent in this place.
 D = Time resting spent in this place.
 E = Time spent auto-exploring this place.
 F = Levels seen in this place.
 G = Mean time per level.
                   A        B        C        D        E       F      G
               +--------+--------+--------+--------+--------+-----+--------+
         Total |   3826 |   3672 |    154 |    959 |   1805 |   3 | 1275.3 |
       Dungeon |   3826 |   3672 |    154 |    959 |   1805 |   3 | 1275.3 |
               +--------+--------+--------+--------+--------+-----+--------+

Top non-repeatable levels by time:
     D:1: 2099 daAuts
     D:2: 1512 daAuts
     D:3: 215 daAuts
